 Dungeon Crawl Stone Soup version 0.14-a0-2124-ga163777 (webtiles) character file.

101 Jenx the Cudgeler (level 3, -4/31 HPs)
             Began as a Hill Orc Fighter on Jan 27, 2014.
             Was an Initiate of Dithmengos.
             Killed by divine providence
             ... invoked by an orc priest
              (13 damage)
             ... on Level 3 of the Dungeon.
             The game lasted 00:03:09 (1579 turns).

Jenx the Cudgeler (Hill Orc Fighter)                Turns: 1579, Time: 00:03:10

HP  -4/31        AC 10     Str 18      XL: 3   Next: 95%
MP   3/3         EV  4     Int  9      God: Dithmengos [......]
Gold 45          SH 19     Dex 10      Spells:  0 memorised,  2 levels left

rFire  . . .     SeeInvis .     a - +4,+2 elf whip (elec)
rCold  . . .     Clarity  .     g - +0 chain mail
rNeg   . . .     Conserve .     c - +0 orc shield
rPois  .         rCorr    .     k - +0 helmet
rElec  .         rRot     .     (no cloak)
SustAb . .       Spirit   .     (no gloves)
rMut   .         Warding  .     (no boots)
Saprov + . .     Stasis   .     (no amulet)
MR     .....                    (no ring)
                                (no ring)

@: not resistant to hostile enchantments, extremely unstealthy
A: saprovore 1
a: Renounce Religion, Convert to Beogh


You were on level 3 of the Dungeon.
You worshipped Dithmengos.
Dithmengos was noncommittal.
You were hungry.

You visited 1 branch of the dungeon, and saw 3 of its levels.

You collected 45 gold pieces.

Inventory:

Hand weapons
 a - a +4,+2 elven whip of electrocution (weapon)
 m - a +0,+0 orcish mace
 w - a +0,+2 flail of protection
Armour
 c - a +0 orcish shield (worn)
 g - a +0 chain mail (worn)
 k - a +0 helmet (worn)
Comestibles
 d - a meat ration
 h - a bread ration
 r - a lemon
 t - 2 rotting chunks of goblin flesh
 v - 3 chunks of jackal flesh
 z - 2 rotting chunks of quokka flesh
Scrolls
 f - a scroll of fear {unknown}
 i - a scroll of remove curse {unknown}
 j - a scroll of enchant weapon I {unknown}
 l - 4 scrolls of identify {unknown}
 n - a scroll of magic mapping {unknown}
 o - a scroll of curse armour {unknown}
 p - a scroll of fog {unknown}
 q - a scroll of curse jewellery {unknown}
 s - a scroll of immolation {unknown}
Potions
 b - a potion of agility {unknown}
 e - a potion of flight {unknown}
 u - a potion of magic {unknown}
 x - 2 potions of curing {unknown}


   Skills:
 - Level 3.6 Fighting
 * Level 4.5 Maces & Flails
 - Level 3.2 Armour
 - Level 3.2 Shields


You had 2 spell levels left.
You didn't know any spells.

Dungeon Overview and Level Annotations

Branches:
Dungeon (3/16)

Altars:
Dithmengos
Okawaru


Innate Abilities, Weirdness & Mutations

You can tolerate rotten meat.


Message History

The orc wizard casts a spell.
You feel troubled.
The orc priest invokes the aid of Beogh against you.
Pain shoots through your body!
The orc priest invokes the aid of Beogh against you.
Something smites you!
The orc wizard looks braver.
The orc priest glows brightly for a moment.
There is a shadowy altar of Dithmengos here.
You kneel at the altar of Dithmengos.
Dithmengos welcomes you!
The orc hits you with a glowing orcish dagger.
* * * LOW HITPOINT WARNING * * *
You hit the orc.
The orc is heavily wounded.
You hit the orc priest.
There is a sudden explosion of sparks!
The orc priest is severely wounded.
The orc priest calls down the wrath of Beogh upon you.
Something smites you!
You die...

......
#.##.######..#
#.##.#....oo.#
#.##.#.####..#
#.#....# ##.#....#
##§§§#o.##
#.#o#§####### ..
§§§_@o§##...###..#
#§#§#§##.........##
##§§.#.§......#....
##§##§#[..........
...............###
#########...##.#
##.## #.# #.#


You could see an orc priest, an orc wizard and an orc.

Vanquished Creatures
  Terence (D:3)
  An adder (D:2)
  A worm (D:2)
  A giant gecko (D:1)
  A giant cockroach (D:2)
  3 hobgoblins
  2 quokkas (D:2)
  2 bats (D:1)
  5 goblins
  4 jackals (D:3)
  4 kobolds
  3 rats
28 creatures vanquished.

Notes
Turn   | Place    | Note
--------------------------------------------------------------
     0 | D:1      | Jenx, the Hill Orc Fighter, began the quest for the Orb.
     0 | D:1      | Reached XP level 1. HP: 19/19 MP: 1/1
   342 | D:1      | Reached XP level 2. HP: 23/26 MP: 2/2
   571 | D:2      | Found an iron altar of Okawaru.
   751 | D:2      | Reached XP level 3. HP: 15/31 MP: 3/3
   979 | D:2      | Reached skill level 4 in Maces & Flails
  1546 | D:3      | Noticed Terence
  1550 | D:3      | Killed Terence
  1553 | D:3      | Found a shadowy altar of Dithmengos.
  1576 | D:3      | Became a worshipper of Dithmengos
  1579 | D:3      | Killed from afar by an orc priest

Action                   || total
-------------------------++-------
Melee: Mace              ||    57
       Whip              ||    31
